 Dungeon Crawl Stone Soup version 0.29.1-12-g30fa7ad0bf (webtiles) character file.

Game seed: 11385464338819798156

4580 KittyFluff the Basher (level 10, -1/91 HPs)
             Began as a Gargoyle Berserker on Dec 25, 2022.
             Was a Priest of Trog.
             Slain by a death yak (18 damage)
             ... on level 8 of the Dungeon.
             The game lasted 00:41:20 (7238 turns).

KittyFluff the Basher (Gargoyle Berserker)          Turns: 7238, Time: 00:41:21

Health: -1/91      AC: 32    Str: 25    XL:     10   Next: 41%
Magic:  10/10      EV:  2    Int:  8    God:    Trog [***...]
Gold:   513        SH:  9    Dex:  9    Spells: 9/9 levels left

rFire   . . .      SeeInvis .   Q - +2 flail (protect)
rCold   . . .      Faith    .   x - +0 kite shield
rNeg    + . .      Spirit   .   (body armour currently unavailable)
rPois   ∞          Reflect  .   (helmet currently unavailable)
rElec   .          Harm     .   (cloak currently unavailable)
rCorr   .          Rampage  .   (gloves currently unavailable)
Will    .....      NoTele   +   (boots currently unavailable)
Stlth   ++........              q - amulet of regeneration
HPRegen 1.05/turn               D - +4 ring of evasion
MPRegen 0.12/turn               (no ring)

@: tree-form, under a protective aura
A: stationary, stasis, torment immunity, boosted hp, sickness immunity, AC +7,
negative energy resistance 1, (electricity resistance), torment resistance 1,
petrification resistance
a: Renounce Religion, Berserk, Trog's Hand


You were on level 8 of the Dungeon.
You worshipped Trog.
Trog was most pleased with you.
You were a tree.
You visited 1 branch of the dungeon, and saw 8 of its levels.

You collected 513 gold pieces.

Inventory:

Hand Weapons
 C - a +0 sling
 M - the +1 glaive of the Present {antimagic, *Slow rC+ rCorr Str+3}
   (You found it on level 6 of the Dungeon)

   It reduces the magical energy of the wielder, and disrupts the spells and
   magical abilities of those it strikes.
   Natural abilities and divine invocations are not affected.
   Str:       It affects your strength (+3).
   rC:        It protects you from cold.
   rCorr:     It protects you from acid and corrosion.
   *Slow:     It may slow you when you take damage.
 Q - a +2 flail of protection (weapon)
Missiles
 e - 12 stones (quivered)
 f - 7 poisoned darts
 n - 2 throwing nets
 o - 2 datura-tipped darts
 w - 3 silver boomerangs
 B - 9 atropa-tipped darts
 O - 2 boomerangs
Armour
 i - a +0 buckler
 p - a +1 pair of boots (melded)
 r - a +0 pair of gloves (melded)
 s - a +4 chain mail of cold resistance
 x - a +0 kite shield (worn)
 G - a +0 cloak (melded)
 K - +0 steam dragon scales (melded)
Jewellery
 q - an amulet of regeneration (around neck)
 D - a +4 ring of evasion (left branch)
Wands
 y - a wand of roots (2)
 F - a wand of digging (4)
 H - a wand of charming (12)
 P - a wand of polymorph (13)
Scrolls
 c - 4 scrolls of teleportation
 j - 2 scrolls of enchant armour
 m - a scroll of fog
 u - 5 scrolls of vulnerability
 v - a scroll of poison
 A - a scroll of enchant weapon
 J - a scroll of magic mapping {unknown}
 L - a scroll of noise {unknown}
Potions
 b - 2 potions of attraction
 g - 5 potions of curing
 h - 3 potions of might
 k - 6 potions of heal wounds
 z - 3 potions of flight
 E - a potion of lignification
 I - a potion of mutation {unknown}
 N - a potion of ambrosia {unknown}


   Skills:
 + Level 6.4 Fighting
 + Level 9.3 Maces & Flails
 * Level 7.5 Armour
 + Level 5.1 Dodging
 + Level 3.1 Stealth
 * Level 6.4 Shields


You had 9 spell levels left.
You didn't know any spells.
Your spell library was empty.

Dungeon Overview and Level Annotations

Branches:
Dungeon (8/15)             Temple (0/1) D:5
   Lair: D:8-11

Altars:
Trog
Vehumet
Wu Jian

Shops:
D:5 (   D:6 =


Innate Abilities, Weirdness & Mutations

You are a tree.
Your roots penetrate the ground, keeping you stationary.
You cannot be teleported.
You are immune to unholy pain and torment.
Your maximum health is greatly increased.
Your equipment is partially melded.
You are immune to sickness and miasma.
((Your stone body is resilient. (AC +7)))
You are immune to poison.
You resist negative energy. (rN+)
((You are resistant to electric shocks. (rElec)))
You are resistant to unholy torment.
You are immune to petrification.


Message History

You barely miss the death yak.
The death yak is severely wounded.
The death yak gores you!
* * * LOW HITPOINT WARNING * * *
You sock the death yak!
The death yak is severely wounded.
The death yak gores you!
* * * LOW HITPOINT WARNING * * *
Okay, then.
It was a potion of cancellation.
Your magical effects are unravelling.
You feel magically purged.
You float gracefully downwards.
You block the death yak's attack.
It was a potion of lignification.
You turn into a tree.
Your +0 cloak melds into your body.
Your +0 pair of gloves melds into your body.
Your +1 pair of boots melds into your body.
Your +0 steam dragon scales melds into your body.
Your roots penetrate the ground.
The death yak gores you.
* * * LOW HITPOINT WARNING * * *
You thump the death yak!
The death yak is almost dead.
You block the death yak's attack.
You hit the death yak but do no damage.
The death yak is almost dead.
The death yak completely misses you.
You barely miss the death yak.
The death yak is almost dead.
You block the death yak's attack.
You hit the death yak.
The death yak is almost dead.
The death yak gores you but does no damage.
You thump the death yak!
You kill the death yak!
Trog accepts your kill.
Your Dodging skill increases to level 5!
You sock the death yak!
The death yak is lightly wounded.
The death yak gores you!!
You die...

####.#######
...#.#.....# #..
#.....†.##.# #..
##.##.#.##.# #.#
#.##.#.##.# #.#
#.##<#.##.# #.#
#.##.#.##.#### #.#
#.##.#.......#####.#
#.##.####.#....♣YYo#
#.##.# #.#.######.#
..# #.#.# #o######
#.# #.#.#


#oY.YYY# ... #.#.# ######oYo... .. ....# Yo... ##.## .##. . <. .. You could see
2 death yaks and an orc wizard.

Vanquished Creatures
  2 death yaks (D:8)
  Maggie (D:6)
  Grinder (D:3)
  A steam dragon (D:7)
  Edmund (D:6)
  Menkaure (D:4)
  2 water moccasins
  2 orc warriors
  Pargi (D:3)
  3 ogres
  6 centaurs
  A phantom (D:6)
  A necrophage (D:8)
  A scorpion (D:7)
  5 wights
  2 killer bees (D:8)
  A howler monkey (D:6)
  2 jellies
  2 orc priests
  3 hounds
  Jessica (D:2)
  Terence (D:3)
  Ijyb (D:4)
  Natasha (thrice) (D:3)
  6 orc wizards
  4 gnolls (D:6)
  7 adders
  A white imp (D:6)
  An ufetubus (D:6)
  A worm (D:2)
  3 dart slugs
  23 orcs
  7 bats
  10 endoplasms
  A giant cockroach (D:2)
  5 goblins
  4 hobgoblins
  5 jackals
  4 kobolds
  4 quokkas
  3 ball pythons
  2 frilled lizards
  4 rats
140 creatures vanquished.

Vanquished Creatures (collateral kills)
  A wight (D:8)
1 creature vanquished.

Grand Total: 141 creatures vanquished

Notes
Turn   | Place    | Note
-------+----------+-------------------------------------------
     0 | D:1      | KittyFluff the Gargoyle Berserker began the quest for the
                  | Orb.
     0 | D:1      | Reached XP level 1. HP: 14/14 MP: 1/1
   173 | D:1      | Reached XP level 2. HP: 16/19 MP: 2/2
   620 | D:1      | Found a faded altar of an unknown god.
   947 | D:2      | Reached XP level 3. HP: 18/24 MP: 3/3
  1491 | D:2      | Noticed Jessica
  1496 | D:2      | Killed Jessica
  1497 | D:2      | Reached skill level 1 in Shields
  1497 | D:2      | Reached XP level 4. HP: 16/29 MP: 4/4
  2451 | D:3      | Noticed Natasha
  2495 | D:3      | Noticed Grinder
  2496 | D:3      | Paralysed by Grinder for 3 turns
  2513 | D:3      | Killed Grinder
  2514 | D:3      | Reached skill level 4 in Maces & Flails
  2514 | D:3      | Reached skill level 1 in Stealth
  2514 | D:3      | Reached XP level 5. HP: 11/33 MP: 5/5
  2514 | D:3      | Reached XP level 6. HP: 13/38 MP: 6/6
  2800 | D:3      | Killed Natasha
  3033 | D:3      | Found a radiant altar of Vehumet.
  3302 | D:3      | Noticed Pargi
  3313 | D:3      | Killed Pargi
  3487 | D:3      | Reached XP level 7. HP: 44/44 MP: 7/7
  3588 | D:3      | Noticed Terence
  3590 | D:3      | Noticed Natasha
  3597 | D:3      | Killed Terence
  3600 | D:3      | Killed Natasha
  3601 | D:3      | Reached skill level 5 in Maces & Flails
  3615 | D:3      | Noticed Natasha
  3632 | D:3      | Killed Natasha
  3762 | D:3      | Reached ** piety under Trog
  3928 | D:4      | Noticed Ijyb
  4135 | D:4      | HP: 2/66 [ogre/+0 giant spiked club (21)]
  4215 | D:4      | Killed Ijyb
  4437 | D:4      | Noticed Menkaure
  4448 | D:4      | Killed Menkaure
  4847 | D:5      | Entered Level 5 of the Dungeon
  4960 | D:5      | Reached XP level 8. HP: 48/48 MP: 8/8
  4969 | D:5      | Found Diereserph's Weapon Shoppe.
  5009 | D:5      | Found a staircase to the Ecumenical Temple.
  5079 | D:5      | Reached skill level 6 in Maces & Flails
  5139 | D:5      | Reached skill level 5 in Armour
  5492 | D:6      | Reached skill level 5 in Fighting
  5599 | D:6      | Found a bloodstained altar of Trog.
  5611 | D:6      | Found Alaloe's Jewellery Shoppe.
  5713 | D:6      | Reached skill level 7 in Maces & Flails
  5732 | D:6      | Reached XP level 9. HP: 52/54 MP: 9/9
  5782 | D:6      | Reached *** piety under Trog
  5984 | D:6      | Noticed Maggie
  6016 | D:6      | Killed Maggie
  6017 | D:6      | Reached skill level 5 in Shields
  6097 | D:6      | Noticed Edmund
  6136 | D:6      | Killed Edmund
  6137 | D:6      | Reached skill level 8 in Maces & Flails
  6279 | D:6      | Identified the +1 glaive of the Present {antimagic, *Slow
                  | rC+ rCorr Str+3}
  7094 | D:8      | Found an ornate altar of the Wu Jian Council.
  7159 | D:8      | Reached XP level 10. HP: 60/60 MP: 10/10
  7162 | D:8      | Noticed a death yak
  7167 | D:8      | Noticed a death yak
  7168 | D:8      | Noticed a death yak
  7169 | D:8      | Noticed a death yak
  7173 | D:8      | Reached **** piety under Trog
  7174 | D:8      | Noticed a death yak
  7213 | D:8      | Killed a death yak
  7214 | D:8      | Reached skill level 9 in Maces & Flails
  7237 | D:8      | Killed a death yak
  7238 | D:8      | Reached skill level 5 in Dodging
  7238 | D:8      | Slain by a death yak

Illustrated notes

Levels and vault maps discovered:
D:1:      shiori_arrival_oz, layout_loops_ring, shapermc_ecumenical_altar_venn,
          chequers_serial_rivers_micro_d
D:2:      layout_basic, serial_bayou_pond_e, uniq_jessica
D:3:      layout_basic, amcnicky_altar_gilded, serial_co_window_serial,
          co_window_corner_a, co_window_cross_1, co_window_corner_a,
          co_window_of_opportunity_a, co_window_of_opportunity_a,
          co_window_corner_b, co_window_corner_cb, co_window_of_opportunity_c,
          co_window_4corner_a, co_window_4corner_b, glass_columns_c,
          glass_columns_b, glass_columns_a, glass_columns_a, glass_columns_b,
          kennysheep_generic_room_8, uniq_grinder, uniq_natasha, uniq_pargi,
          uniq_terence
D:4:      layout_basic, uniq_ijyb, uniq_menkaure
D:5:      layout_basic, minmay_temple_entry_slanted, serial_shops,
          nicolae_shop_waterfront
D:6:      layout_gridville, trog_three_pillars_becter, serial_shops,
          nicolae_shop_crystal, patterned_corridor, uniq_edmund, uniq_maggie
D:7:      layout_cave_pools, nicolae_lava_and_water
D:8:      layout_loops_ring, nzn_wu_jian_council_hall, dpeg_lair_monsters,
          enter_bailey_2

Skill      XL: |  1  2  3  4  5  6  7  8  9 10 |
---------------+-------------------------------+-----
Shields        | 1 2 3 4 5 6 |  6.4
Armour         | 3 4 5 7 |  7.5
Fighting       | 4 5 6 |  6.4
Maces & Flails | 4 5 7 8 9 |  9.3
Dodging        | 2 3 4 5 |  5.1
Stealth        | 1 2 3 |  3.1

Action                   |  1- 3 |  4- 6 |  7- 9 | 10-12 || total
-------------------------+-------+-------+-------+-------++-------
Melee: Mace              |    94 |    80 |   319 |       ||   493
       Flail             |       |       |   112 |    46 ||   158
Invok: Berserk           |     1 |     2 |     3 |       ||     6
       Trog's Hand       |       |       |     1 |       ||     1
       Brothers in Arms  |       |       |       |     1 ||     1
Evoke: Wand              |       |       |       |     1 ||     1
  Use: Scroll            |     1 |       |     9 |     1 ||    11
       Potion            |       |       |       |     3 ||     3
 Stab: Sleeping          |       |       |     1 |       ||     1
Armor: Animal skin       |    31 |    18 |       |       ||    49
       Leather armour    |       |     8 |    56 |       ||    64
       Ring mail         |       |       |    69 |       ||    69
       Steam dragon scal |       |       |    62 |    16 ||    78
       Skin              |       |       |       |     1 ||     1
Dodge: Dodged            |    62 |    46 |   345 |    10 ||   463
Block: Buckler           |    14 |    12 |    82 |       ||   108
       Kite shield       |       |       |    14 |    11 ||    25
